 Dungeon Crawl Stone Soup version 0.19.0-22-gd96e5fe (webtiles) character file.

55 Monsterracer the Chopper (level 3, -3/31 HPs)
             Began as a Minotaur Fighter on Nov 18, 2016.
             Slain by a kobold
             ... wielding a +2 dagger of electrocution
              (19 damage)
             ... on level 2 of the Dungeon.
             The game lasted 00:03:05 (1446 turns).

Monsterracer the Chopper (Minotaur Fighter)         Turns: 1446, Time: 00:03:06

Health: -3/31      AC:  9    Str: 18    XL:     3   Next: 67%
Magic:  2/2        EV:  5    Int:  5    God:
Gold:   58         SH:  9    Dex: 10    Spells: 0 memorised, 2 levels left

rFire  . . .     SeeInvis .     a - +0 war axe
rCold  . . .     Gourm    .     l - +0 chain mail
rNeg   . . .     Faith    .     c - +0 shield
rPois  .         Spirit   .     (helmet restricted)
rElec  .         Reflect  .     (no cloak)
rCorr  .         Harm     .     (no gloves)
MR     .....                    (no boots)
Stlth  ..........               (no amulet)
                                (no ring)
                                (no ring)

@: no status effects
A: retaliatory headbutt, horns 2, weak 1, subdued magic 1
a: no special abilities


You were on level 2 of the Dungeon.
You were not hungry.

You visited 1 branch of the dungeon, and saw 2 of its levels.

You collected 58 gold pieces.

Inventory:

Hand Weapons
 a - a +0 war axe (weapon)
Armour
 c - a +0 shield (worn)
 l - a +0 chain mail (worn)
Scrolls
 b - a scroll of teleportation {unknown}
 e - 2 scrolls of remove curse {unknown}
 i - a scroll of amnesia {unknown}
 j - a scroll of enchant armour {unknown}
 m - a scroll of magic mapping {unknown}
Potions
 d - a potion of might
Comestibles
 f - a bread ration
 g - 2 fruits
 h - a beef jerky
 k - 3 meat rations
 n - 2 chunks of flesh


   Skills:
 - Level 3.6 Fighting
 + Level 5.0 Axes
 - Level 3.6 Armour
 - Level 3.6 Shields


You had 2 spell levels left.
You didn't know any spells.

Dungeon Overview and Level Annotations

Branches:
Dungeon (2/15)

Altars:
Nemelex Xobeh
The Shining One


Innate Abilities, Weirdness & Mutations

You reflexively headbutt those who attack you in melee.
You have a pair of horns on your head.
You are weak. (Str -2)
Your spells are a little easier to cast, but a little less powerful.


Message History

n - 3 chunks of flesh
Things that are here:
a club; a kobold corpse Eating one of 3 chunks of flesh.
You start eating one of the 3 chunks of flesh.
This raw flesh tastes terrible.
Found a stone staircase leading up.
A kobold comes into view.
It is wielding a dagger of electrocution.
The kobold shouts!
Found a potion of might.
Found a flail.
You block the kobold's attack.
You hit the kobold but do no damage. The kobold hits you but does no damage.
You closely miss the kobold. Your headbutt misses the kobold.
The kobold hits you with a dagger of electrocution.
You are electrocuted!
You closely miss the kobold. You block the kobold's attack.
The kobold hits you but does no damage.
You are electrocuted!
Ouch! That really hurt!
You die...

##### #### #....
#...# )
#.!..##...##..
#............. ...
#.. #.........##.#
#.. ... #.K.....##.#
#.# #.# #..@....##.#
#.# #.# #.....$.##.#
#.# #.# #.......##.#
#.# #.#
######.###.###.###.#
#..........)......#
###<..#######......
###.# ####### #.#
###


You could see a kobold.

Vanquished Creatures
  An adder (D:2)
  An ooze (D:1)
  2 worms (D:2)
  3 bats
  A giant cockroach (D:2)
  3 goblins
  5 hobgoblins
  4 jackals (D:1)
  8 kobolds
  2 frilled lizards (D:2)
  4 rats (D:2)
34 creatures vanquished.

Notes
Turn   | Place    | Note
-------+----------+-------------------------------------------
     0 | D:1      | Monsterracer the Minotaur Fighter began the quest for the Orb.
     0 | D:1      | Reached XP level 1. HP: 19/19 MP: 0/0
    32 | D:1      | Reached skill level 3 in Axes
   117 | D:1      | Reached XP level 2. HP: 26/26 MP: 1/1
   132 | D:1      | Gained mutation: Your muscles are strong. (Str +2) [potion of beneficial mutation]
   585 | D:1      | Reached skill level 4 in Axes
   809 | D:2      | Found a sparkling altar of Nemelex Xobeh.
   816 | D:2      | Reached XP level 3. HP: 31/31 MP: 2/2
   850 | D:2      | Gained mutation: Your spells are a little easier to cast, but a little less powerful. [potion of mutation]
   850 | D:2      | Lost mutation: Your muscles are strong. (Str +2) [potion of mutation]
   850 | D:2      | Gained mutation: You are weak. (Str -2) [potion of mutation]
   895 | D:2      | Found a faded altar of an unknown god.
   902 | D:2      | Became a worshipper of the Shining One
   902 | D:2      | Reached * piety under the Shining One
   904 | D:2      | Fell from the grace of the Shining One
  1428 | D:2      | Reached skill level 5 in Axes
  1446 | D:2      | Slain by a kobold

Skill      XL: |  1  2  3 |
---------------+----------+-----
Axes           | 3 4 5 |  5.0
Fighting       | |  3.6
Armour         | |  3.6
Shields        | |  3.6

Action                   || total
-------------------------++-------
Melee: War axe           ||    83
       Headbutt          ||     9
Invok: Renounce Religion ||     1
  Use: Potion            ||     4
  Eat: Chunk             ||     2
Armor: Scale mail        ||    19
       Chain mail        ||    11
Dodge: Dodged            ||    24
Block: Shield            ||    47
